| TOP OF THE 1ST |
|
Cedar Rapids Kernels batting - Pitching for Lexington Legends : RHP Paul Gibbens
|
|
Pitching: RHP Paul Gibbens
|
|
|
Batting: RHB Tim Carter
|
0-0: Hit by Pitch
|
|
Batting: RHB Mike Buchanan
|
0-0: Ball 1-0: Ball 2-0: Called Strike 2-1: Called Strike 2-2: Ball 3-2: Base on Balls Tim Carter to second
|
|
Batting: RHB Jose Almonte
|
0-0: Called Strike 0-1: Foul Ball, location: 2F 0-2: Fielders Choice at 2nd, 3-6 (Groundball, 3, EV 90.6 MPH) Tim Carter to third
|
|
Batting: LHB Tomas Espino
|
0-0: Called Strike 0-1: Ball 1-1: Ball Wild Pitch! Tim Carter scores Jose Almonte to second 2-1: Ground out 4-3 (Groundball, 4, EV 104.4 MPH) Jose Almonte to third
|
|
Batting: RHB Nick Phipps
|
0-0: Ball 1-0: Ball 2-0: Ball 3-0: Base on Balls
|
|
Batting: RHB Pat Adams
|
0-0: Ball 1-0: SINGLE (Line Drive, 89S, EV 106.2 MPH) Jose Almonte scores Nick Phipps to second
|
|
Batting: RHB Jose Gracia
|
0-0: Called Strike 0-1: Ball 1-1: Ball 2-1: Ball 3-1: Base on Balls Nick Phipps to third Pat Adams to second
|
|
Batting: RHB Jeremy Witt
|
0-0: Ball 1-0: Ball 2-0: Ball Wild Pitch! Nick Phipps scores Pat Adams to third Jose Gracia to second 3-0: Base on Balls
|
|
Batting: SHB Chris Hull
|
0-0: Swinging Strike 0-1: Ball 1-1: Ball 2-1: Ground out 4-3 (Groundball, 34, EV 80.0 MPH)
|
| Top of the 1st over - 3 runs, 1 hit, 0 errors, 3 left on base; Cedar Rapids 3 - Lexington 0 |
| BOTTOM OF THE 1ST |
|
Lexington Legends batting - Pitching for Cedar Rapids Kernels : LHP Mario Flores
|
|
Pitching: LHP Mario Flores
|
|
|
Batting: LHB Efrem Isaev
|
0-0: Ground out 4-3 (Groundball, 4, EV 82.5 MPH)
|
|
Batting: RHB Carlos Almada
|
0-0: Swinging Strike 0-1: Foul Ball, location: 2F 0-2: Ball 1-2: Ball 2-2: Foul Ball, location: 2F 2-2: Strikes out swinging
|
|
Batting: RHB Jon Griffin
|
0-0: Foul Ball, location: 2F 0-1: SINGLE (Line Drive, 7S, EV 105.0 MPH)
|
|
Batting: RHB Chang-keun Baik
|
0-0: Called Strike 0-1: Foul Ball, location: 2F 0-2: Ball 1-2: Fly out, F7 (Flyball, 7, EV 98.8 MPH)
|
| Bottom of the 1st over - 0 runs, 1 hit, 0 errors, 1 left on base; Cedar Rapids 3 - Lexington 0 |
| TOP OF THE 2ND |
|
Cedar Rapids Kernels batting - Pitching for Lexington Legends : RHP Paul Gibbens
|
|
Batting: RHB Tim Carter
|
0-0: Fly out, F7 (Line Drive, 7, EV 89.4 MPH)
|
|
Batting: RHB Mike Buchanan
|
0-0: Called Strike 0-1: Ground out 6-3 (Groundball, 6, EV 88.8 MPH)
|
|
Batting: RHB Jose Almonte
|
0-0: Ball 1-0: Called Strike 1-1: Called Strike 1-2: Ball 2-2: Ground out 6-3 (Groundball, 6, EV 84.4 MPH)
|
| Top of the 2nd over - 0 runs, 0 hits, 0 errors, 0 left on base; Cedar Rapids 3 - Lexington 0 |
| BOTTOM OF THE 2ND |
|
Lexington Legends batting - Pitching for Cedar Rapids Kernels : LHP Mario Flores
|
|
Batting: RHB Nate De Jongh
|
0-0: Called Strike 0-1: Called Strike 0-2: Ball 1-2: Foul Ball, location: 2F 1-2: Ball 2-2: Ball 3-2: Strikes out looking
|
|
Batting: RHB Vance Coen
|
0-0: Called Strike 0-1: Fly out, F9 (Flyball, 9D, EV 92.5 MPH)
|
|
Batting: LHB Jayden Pelayo
|
0-0: Called Strike 0-1: Foul Ball, location: 2F 0-2: Strikes out swinging
|
| Bottom of the 2nd over - 0 runs, 0 hits, 0 errors, 0 left on base; Cedar Rapids 3 - Lexington 0 |
| TOP OF THE 3RD |
|
Cedar Rapids Kernels batting - Pitching for Lexington Legends : RHP Paul Gibbens
|
|
Batting: LHB Tomas Espino
|
0-0: Called Strike 0-1: Ball 1-1: SINGLE (Groundball, 25, EV 54.4 MPH) (infield hit)
|
|
Batting: RHB Nick Phipps
|
0-0: Called Strike 0-1: Ball 1-1: 2-RUN HOME RUN (Flyball, 7LD, EV 93.8 MPH), Distance : 345 ft
|
|
Batting: RHB Pat Adams
|
0-0: Ball 1-0: Swinging Strike 1-1: Ball 2-1: Ground out 5-3 (Groundball, 56, EV 86.2 MPH)
|
|
Pitching: RHP Jordan Viveros
|
|
|
Batting: RHB Jose Gracia
|
0-0: Ball 1-0: Called Strike 1-1: Swinging Strike 1-2: Strikes out swinging
|
|
Batting: RHB Jeremy Witt
|
0-0: Called Strike 0-1: Ball 1-1: Ball 2-1: Called Strike 2-2: Ball 3-2: Foul Ball, location: 2F 3-2: Ground out 5-3 (Groundball, 56, EV 87.5 MPH)
|
| Top of the 3rd over - 2 runs, 2 hits, 0 errors, 0 left on base; Cedar Rapids 5 - Lexington 0 |
| BOTTOM OF THE 3RD |
|
Lexington Legends batting - Pitching for Cedar Rapids Kernels : LHP Mario Flores
|
|
Batting: RHB David Rubio
|
0-0: Ball 1-0: Fly out, F9 (Line Drive, 9, EV 88.1 MPH)
|
|
Batting: LHB Shohei Nishi
|
0-0: Ball 1-0: Ball 2-0: Called Strike 2-1: Ball 3-1: Called Strike 3-2: Foul Ball, location: 2F 3-2: Base on Balls
|
|
Batting: LHB Efrem Isaev
|
0-0: Called Strike Shohei Nishi steals 2nd base 0-1: Swinging Strike 0-2: Ground out 6-3 (Groundball, 6, EV 101.9 MPH)
|
|
Batting: RHB Carlos Almada
|
0-0: Ball 1-0: Swinging Strike 1-1: Swinging Strike 1-2: Ball 2-2: Ball 3-2: Strikes out swinging
|
| Bottom of the 3rd over - 0 runs, 0 hits, 0 errors, 1 left on base; Cedar Rapids 5 - Lexington 0 |
| TOP OF THE 4TH |
|
Cedar Rapids Kernels batting - Pitching for Lexington Legends : RHP Jordan Viveros
|
|
Batting: SHB Chris Hull
|
0-0: Ball 1-0: Swinging Strike 1-1: Ball 2-1: Ground out 5-3 (Groundball, 6S, EV 87.5 MPH)
|
|
Batting: RHB Tim Carter
|
0-0: Called Strike 0-1: Foul Ball, location: 2F 0-2: Ground out 5-3 (Groundball, 56S, EV 81.9 MPH)
|
|
Batting: RHB Mike Buchanan
|
0-0: Ground out 6-3 (Groundball, 6, EV 102.5 MPH)
|
| Top of the 4th over - 0 runs, 0 hits, 0 errors, 0 left on base; Cedar Rapids 5 - Lexington 0 |
| BOTTOM OF THE 4TH |
|
Lexington Legends batting - Pitching for Cedar Rapids Kernels : LHP Mario Flores
|
|
Batting: RHB Jon Griffin
|
0-0: Ball 1-0: Called Strike 1-1: Foul Ball, location: 2F 1-2: Ball 2-2: Ball 3-2: Foul Ball, location: 2F 3-2: Ground out 5-3 (Groundball, 56S, EV 66.9 MPH)
|
|
Batting: RHB Chang-keun Baik
|
0-0: Swinging Strike 0-1: Swinging Strike 0-2: Strikes out swinging
|
|
Batting: RHB Nate De Jongh
|
0-0: Called Strike 0-1: Fly out, F8 (Flyball, 8RS, EV 88.8 MPH)
|
| Bottom of the 4th over - 0 runs, 0 hits, 0 errors, 0 left on base; Cedar Rapids 5 - Lexington 0 |
| TOP OF THE 5TH |
|
Cedar Rapids Kernels batting - Pitching for Lexington Legends : RHP Jordan Viveros
|
|
Batting: RHB Jose Almonte
|
0-0: Ball 1-0: Ball 2-0: Ball 3-0: Swinging Strike 3-1: Called Strike 3-2: Strikes out swinging
|
|
Pitching: RHP Josh Rutledge
|
|
|
Batting: LHB Tomas Espino
|
0-0: Called Strike 0-1: Ball 1-1: DOUBLE (Groundball, 3L, EV 101.2 MPH)
|
|
Batting: RHB Nick Phipps
|
0-0: Swinging Strike 0-1: Ball 1-1: Called Strike 1-2: Foul Ball, location: 2F 1-2: Strikes out swinging
|
|
Batting: RHB Pat Adams
|
0-0: Ball 1-0: Called Strike 1-1: Ball 2-1: Foul Ball, location: 2F 2-2: Hit by Pitch
|
|
Batting: RHB Jose Gracia
|
0-0: Ball 1-0: Ball 2-0: Called Strike 2-1: Ball 3-1: Fielders Choice at 2nd, 6-4 (Groundball, 6, EV 96.9 MPH)
|
| Top of the 5th over - 0 runs, 1 hit, 0 errors, 2 left on base; Cedar Rapids 5 - Lexington 0 |
| BOTTOM OF THE 5TH |
|
Lexington Legends batting - Pitching for Cedar Rapids Kernels : LHP Mario Flores
|
|
Batting: RHB Vance Coen
|
0-0: Foul Ball, location: 2F 0-1: Swinging Strike 0-2: Fly out, F7 (Flyball, 7, EV 91.9 MPH)
|
|
Batting: LHB Jayden Pelayo
|
0-0: Called Strike 0-1: Ball 1-1: Foul Ball, location: 2F 1-2: Ball 2-2: Ground out U3 (Groundball, 34, EV 90.0 MPH)
|
|
Batting: RHB David Rubio
|
0-0: Called Strike 0-1: Ball 1-1: Ball 2-1: Swinging Strike 2-2: Ball 3-2: Foul Ball, location: 2F 3-2: Strikes out swinging
|
| Bottom of the 5th over - 0 runs, 0 hits, 0 errors, 0 left on base; Cedar Rapids 5 - Lexington 0 |
| TOP OF THE 6TH |
|
Cedar Rapids Kernels batting - Pitching for Lexington Legends : RHP Josh Rutledge
|
|
Batting: RHB Jeremy Witt
|
0-0: DOUBLE (Flyball, 78XD, EV 89.4 MPH)
|
|
Batting: SHB Chris Hull
|
0-0: Ball 1-0: Hit by Pitch
|
|
Batting: RHB Tim Carter
|
0-0: Ball 1-0: Ball 2-0: Foul Ball, location: 2F 2-1: Fielders Choice at 2nd, 6-4 (Groundball, 56, EV 91.9 MPH) Jeremy Witt to third
|
|
Batting: RHB Mike Buchanan
|
0-0: Ball 1-0: Fielders Choice at 2nd, 1-4 (Groundball, 15S, EV 70.0 MPH)
|
|
Batting: RHB Jose Almonte
|
0-0: Foul Ball, location: 2F 0-1: Called Strike 0-2: Foul Ball, location: 2F 0-2: Ball 1-2: SINGLE (Line Drive, 78S, EV 109.4 MPH) Jeremy Witt scores Mike Buchanan to second
|
|
Batting: LHB Tomas Espino
|
0-0: Ball 1-0: Ball 2-0: Swinging Strike 2-1: Foul Ball, location: 2F 2-2: Strikes out swinging
|
| Top of the 6th over - 1 run, 2 hits, 0 errors, 2 left on base; Cedar Rapids 6 - Lexington 0 |
| BOTTOM OF THE 6TH |
|
Lexington Legends batting - Pitching for Cedar Rapids Kernels : LHP Mario Flores
|
|
Batting: LHB Shohei Nishi
|
0-0: Swinging Strike 0-1: Ball 1-1: Ball 2-1: Called Strike 2-2: Ball 3-2: Foul Ball, location: 2F 3-2: Strikes out looking
|
|
Batting: LHB Efrem Isaev
|
0-0: Fly out, F5 (Flyball, 5D, EV 90.6 MPH)
|
|
Batting: RHB Carlos Almada
|
0-0: Ball 1-0: Fly out, F8 (Flyball, 8RD, EV 94.4 MPH)
|
| Bottom of the 6th over - 0 runs, 0 hits, 0 errors, 0 left on base; Cedar Rapids 6 - Lexington 0 |
| TOP OF THE 7TH |
|
Cedar Rapids Kernels batting - Pitching for Lexington Legends : RHP Josh Rutledge
|
|
Batting: RHB Nick Phipps
|
0-0: Ball 1-0: Ball 2-0: Ball 3-0: Base on Balls
|
|
Pitching: RHP Billy Emerson
|
|
|
Batting: RHB Pat Adams
|
0-0: Foul Ball, location: 2F 0-1: Ball Nick Phipps is caught stealing 2nd base 2-4 1-1: Ball 2-1: Ball 3-1: Base on Balls
|
|
Batting: RHB Jose Gracia
|
0-0: Fly out, F9 (Flyball, 89M, EV 88.8 MPH)
|
|
Batting: RHB Jeremy Witt
|
0-0: Foul Ball, location: 2F 0-1: Ball Wild Pitch! Pat Adams to second 1-1: Ball 2-1: SINGLE (Groundball, P, EV 90.6 MPH) (infield hit) Pat Adams to third
|
|
Batting: SHB Chris Hull
|
0-0: Ball 1-0: Ball 2-0: Foul Ball, location: 2F 2-1: Foul Ball, location: 2F 2-2: Strikes out looking
|
| Top of the 7th over - 0 runs, 1 hit, 0 errors, 2 left on base; Cedar Rapids 6 - Lexington 0 |
| BOTTOM OF THE 7TH |
|
Lexington Legends batting - Pitching for Cedar Rapids Kernels : LHP Mario Flores
|
|
Batting: RHB Jon Griffin
|
0-0: Ball 1-0: Called Strike 1-1: Fly out, F9 (Line Drive, 89M, EV 98.1 MPH)
|
|
Batting: RHB Chang-keun Baik
|
0-0: Called Strike 0-1: Ball 1-1: Ball 2-1: TRIPLE (Line Drive, 78XD, EV 106.2 MPH)
|
|
Batting: RHB Nate De Jongh
|
0-0: SINGLE (Groundball, 34, EV 96.9 MPH) Chang-keun Baik scores
|
|
Batting: RHB Vance Coen
|
0-0: Called Strike 0-1: Called Strike 0-2: Ball 1-2: Ball 2-2: SINGLE (Groundball, 56D, EV 98.1 MPH) (infield hit) Nate De Jongh to second
|
|
Batting: LHB Jayden Pelayo
|
0-0: Ball 1-0: Ball 2-0: Ball 3-0: Base on Balls Nate De Jongh to third Vance Coen to second
|
|
Batting: RHB David Rubio
|
0-0: Called Strike 0-1: Ball 1-1: SINGLE (Groundball, 5D, EV 97.5 MPH) Nate De Jongh scores Vance Coen to third Jayden Pelayo to second Runner from 3rd tries for Home, SAFE, throw by LF to home
|
|
Batting: LHB Shohei Nishi
|
0-0: Ball 1-0: Foul Ball, location: 2F 1-1: Swinging Strike 1-2: Strikes out looking
|
|
Batting: LHB Efrem Isaev
|
0-0: Called Strike 0-1: Swinging Strike 0-2: Strikes out looking
|
| Bottom of the 7th over - 3 runs, 4 hits, 0 errors, 2 left on base; Cedar Rapids 6 - Lexington 3 |
| TOP OF THE 8TH |
|
Cedar Rapids Kernels batting - Pitching for Lexington Legends : RHP Billy Emerson
|
|
Pitching: RHP Bryan Kiefer
|
|
|
Batting: RHB Tim Carter
|
0-0: Called Strike 0-1: Swinging Strike 0-2: Ground out U3 (Groundball, 34S, EV 64.4 MPH)
|
|
Batting: RHB Mike Buchanan
|
0-0: Called Strike 0-1: Ball 1-1: Called Strike 1-2: Ground out 5-3 (Groundball, 5L, EV 84.4 MPH)
|
|
Batting: RHB Jose Almonte
|
0-0: Ball 1-0: Ball 2-0: Foul Ball, location: 2F 2-1: Hit by Pitch
|
|
Batting: LHB Tomas Espino
|
0-0: Ball 1-0: Ball 2-0: Ball 3-0: Called Strike 3-1: Foul Ball, location: 2F 3-2: SINGLE (Groundball, 5D, EV 96.9 MPH) Jose Almonte to second Jose Almonte to third
|
|
Batting: RHB Nick Phipps
|
0-0: Ball 1-0: Foul Ball, location: 2F 1-1: Ball 2-1: Ball 3-1: Swinging Strike 3-2: Base on Balls Tomas Espino to second
|
|
Batting: RHB Pat Adams
|
0-0: Called Strike 0-1: TRIPLE (Line Drive, 8LXD, EV 100.0 MPH) Jose Almonte scores Tomas Espino scores Nick Phipps scores
|
|
Pitching: RHP Brian Hunt
|
|
|
Batting: RHB Jose Gracia
|
0-0: Called Strike 0-1: Ball 1-1: Foul Ball, location: 2F 1-2: Ball 2-2: Foul Ball, location: 2F 2-2: Ball 3-2: Ground out 6-3 (Groundball, 6, EV 80.6 MPH)
|
| Top of the 8th over - 3 runs, 2 hits, 0 errors, 1 left on base; Cedar Rapids 9 - Lexington 3 |
| BOTTOM OF THE 8TH |
|
Lexington Legends batting - Pitching for Cedar Rapids Kernels : LHP Mario Flores
|
|
Pitching: RHP Cody Bryant
|
|
|
Batting: RHB Carlos Almada
|
0-0: Called Strike 0-1: Ball 1-1: Called Strike 1-2: Strikes out swinging
|
|
Batting: RHB Jon Griffin
|
0-0: Ball 1-0: Swinging Strike 1-1: Swinging Strike 1-2: Fly out, F8 (Flyball, 8RM, EV 81.2 MPH)
|
|
Batting: RHB Chang-keun Baik
|
0-0: Called Strike 0-1: Called Strike 0-2: Strikes out swinging
|
| Bottom of the 8th over - 0 runs, 0 hits, 0 errors, 0 left on base; Cedar Rapids 9 - Lexington 3 |
| TOP OF THE 9TH |
|
Cedar Rapids Kernels batting - Pitching for Lexington Legends : RHP Brian Hunt
|
|
Batting: RHB Jeremy Witt
|
0-0: Called Strike 0-1: Swinging Strike 0-2: Ball 1-2: Strikes out swinging
|
|
Batting: SHB Chris Hull
|
0-0: Called Strike 0-1: Called Strike 0-2: Ball 1-2: Strikes out swinging
|
|
Batting: RHB Tim Carter
|
0-0: Swinging Strike 0-1: Foul Ball, location: 2F 0-2: Ball 1-2: Ball 2-2: Foul Ball, location: 2F 2-2: Ball 3-2: Strikes out looking
|
| Top of the 9th over - 0 runs, 0 hits, 0 errors, 0 left on base; Cedar Rapids 9 - Lexington 3 |
| BOTTOM OF THE 9TH |
|
Lexington Legends batting - Pitching for Cedar Rapids Kernels : RHP Cody Bryant
|
|
Batting: RHB Nate De Jongh
|
0-0: Ball 1-0: Foul Ball, location: 2F 1-1: Fly out, F9 (Flyball, 9, EV 97.5 MPH)
|
|
Batting: RHB Vance Coen
|
0-0: Ball 1-0: Called Strike 1-1: Foul Ball, location: 2F 1-2: Strikes out swinging
|
|
Batting: LHB Jayden Pelayo
|
0-0: Foul Ball, location: 2F 0-1: Ball 1-1: Ball 2-1: Called Strike 2-2: Strikes out swinging
|
| Bottom of the 9th over - 0 runs, 0 hits, 0 errors, 0 left on base; Cedar Rapids 9 - Lexington 3 |
|